 Dungeon Crawl Stone Soup version 0.21.1 (webtiles) character file.

1546 Curus the Spear-Bearer (level 8, -1/60 HPs)
             Began as a Merfolk Gladiator on Feb 2, 2018.
             Was a Follower of Makhleb.
             Slain by a hornet (5 damage)
             ... on level 9 of the Dungeon on Feb 4, 2018.
             The game lasted 00:31:47 (5858 turns).

Curus the Spear-Bearer (Merfolk Gladiator)          Turns: 5858, Time: 00:31:48

Health: -1/60      AC: 10    Str: 14    XL:     8   Next: 87%
Magic:  8/8        EV: 22    Int:  7    God:    Makhleb [*.....]
Gold:   441        SH:  0    Dex: 26    Spells: 7/7 levels left

rFire    . . .     SeeInvis .   a - +2 trident
rCold    . . .     Gourm    .   (no shield)
rNeg     + . .     Faith    .   m - +3 leather armour
rPois    .         Spirit   .   c - +1 helmet
rElec    .         Reflect  .   (no cloak)
rCorr    .         Harm     .   r - +0 pair of gloves
MR       .....                  i - +0 pair of boots
Stlth    +++.......             (no amulet)
HPRegen  0.20/turn              e - +3 ring of dexterity
MPRegen  0.11/turn              q - ring of positive energy

@: agile, lethally poisoned (-1 -> -6), slowed, very slow
A: change form in water, swift swim, stealthy swim
a: Renounce Religion


You were on level 9 of the Dungeon.
You worshipped Makhleb.
Makhleb was aware of your devotion.
You were not hungry.

You visited 2 branches of the dungeon, and saw 10 of its levels.

You collected 441 gold pieces.

Inventory:

Hand Weapons
 a - a +2 trident (weapon)
Missiles
 d - 3 throwing nets (quivered)
Armour
 b - a +0 leather armour
 c - a +1 helmet (worn)
 i - a +0 pair of boots (worn)
 m - a +3 leather armour (worn)
 o - a +0 pair of boots
 r - a +0 pair of gloves (worn)
 y - a +2 hat
Jewellery
 e - a +3 ring of dexterity (left hand)
 q - a ring of positive energy (right hand)
Wands
 w - a wand of paralysis (12)
Scrolls
 h - 4 scrolls of identify
 k - 3 scrolls of teleportation
 n - 2 scrolls of random uselessness
 s - a scroll of remove curse
 u - a scroll of amnesia
Potions
 g - 3 potions of curing
 l - 2 potions of heal wounds
 p - 2 potions of might
 t - a potion of resistance
 z - a potion of flight
Books
 j - a book of Minor Magic

   Spells                             Type                      Level
   a - Magic Dart                     Conjuration                  1
   b - Blink                          Translocation                2
   c - Call Imp                       Summoning                    2
   d - Slow                           Hexes                        2
   e - Conjure Flame                  Conjuration/Fire             3
   f - Mephitic Cloud                 Conjuration/Poison/Air       3
Comestibles
 f - 8 rations


   Skills:
 + Level 4.0 Fighting
 - Level 14.0 Polearms
 - Level 2.0 Throwing
 + Level 5.7 Dodging


You had 7 spell levels left.
You didn't know any spells.

Dungeon Overview and Level Annotations

Branches:
Dungeon (9/15)             Temple (1/1) D:6
   Lair: D:8-11         Orc: D:9-12

Altars:
Fedhas
Gozag
Kikubaaqudgha
Makhleb
Xom

Shops:
D:5 %

Annotations:
D:5 PeterLawrence's ghost, novice MiFi


Message History

You feel sick. The hornet stings you!
You feel as though you will be slow longer.
The hornet stings you!
You feel as though you will be slow longer.
You feel sick. The hornet completely misses you.
You can move again.
You feel agile all of a sudden.
You feel sick.
The hornet stings you but does no damage. x2
The hornet barely misses you.
You puncture the hornet!
The hornet is moderately wounded.
The hornet stings you!
* * * LOW HITPOINT WARNING * * *
You feel as though you will be slow longer.
You closely miss the hornet.
The hornet is moderately wounded.
* * * LOW HITPOINT WARNING * * *
You feel sick. The hornet stings you.
You die...

#...... #.....#
.# +...... ..
#.....# ..
#.....# .#
#.....### .#
#....<#.# .#
###....##.##.#
...........y@.#
##########.####
......?...#
#######.### ...
... #?... #....
#.....


You could see a hornet.

Vanquished Creatures
  Eustachio (D:6)
  A black bear (D:6)
  An ice beast (D:5)
  A phantom (D:7)
  2 ogres (D:4)
  A centaur (D:8)
  2 bullfrogs (D:6)
  A water moccasin zombie (D:6)
  A scorpion (D:7)
  A wyvern skeleton (D:8)
  A crimson imp (D:6)
  An orc priest (D:3)
  2 hounds
  A jelly (D:6)
  2 orc wizards
  Terence (D:2)
  5 worker ants
  A hound zombie (D:7)
  10 adders
  A shadow imp (D:7)
  An ooze (D:1)
  An adder zombie (D:4)
  3 worms
  6 dart slugs
  4 leopard geckos
  13 orcs
  2 ball pythons
  8 bats
  3 giant cockroaches
  9 goblins
  12 hobgoblins
  5 jackals
  3 quokkas
  5 frilled lizards
  6 kobolds
  A leopard gecko skeleton (D:5)
  A leopard gecko zombie (D:6)
  10 rats
130 creatures vanquished.

Notes
Turn   | Place    | Note
-------+----------+-------------------------------------------
     0 | D:1      | Curus the Merfolk Gladiator began the quest for the Orb.
     0 | D:1      | Reached XP level 1. HP: 16/16 MP: 1/1
    88 | D:1      | Reached skill level 5 in Polearms
    88 | D:1      | Reached XP level 2. HP: 22/22 MP: 2/2
   427 | D:1      | Reached skill level 6 in Polearms
   427 | D:1      | Reached XP level 3. HP: 23/27 MP: 3/3
   842 | D:2      | Reached skill level 7 in Polearms
   842 | D:2      | Reached XP level 4. HP: 8/33 MP: 4/4
   868 | D:2      | HP: 1/33 [poisoned by a worker ant]
  1076 | D:2      | Noticed Terence
  1092 | D:2      | Killed Terence
  1278 | D:2      | Reached skill level 8 in Polearms
  1278 | D:2      | Reached XP level 5. HP: 32/38 MP: 5/5
  1702 | D:3      | Reached skill level 9 in Polearms
  2122 | D:3      | Reached XP level 6. HP: 38/44 MP: 6/6
  2777 | D:4      | Reached skill level 10 in Polearms
  2810 | D:4      | Found an opulent altar of Gozag.
  2899 | D:4      | Reached XP level 7. HP: 23/50 MP: 7/7
  3160 | D:5      | Entered Level 5 of the Dungeon
  3179 | D:5      | Reached skill level 11 in Polearms
  3431 | D:5      | Noticed PeterLawrence's ghost (novice MiFi)
  3558 | D:6      | Noticed Eustachio
  3606 | D:6      | Killed Eustachio
  3606 | D:6      | Reached skill level 12 in Polearms
  3622 | D:6      | Found a staircase to the Ecumenical Temple.
  3640 | Temple   | Entered the Ecumenical Temple
  3646 | Temple   | Became a worshipper of Makhleb the Destroyer
  3733 | D:6      | Reached XP level 8. HP: 36/56 MP: 8/8
  3766 | D:6      | Reached skill level 13 in Polearms
  4531 | D:5      | Found Keblaid's Food Shoppe.
  4838 | D:7      | Reached * piety under Makhleb
  4838 | D:7      | Reached skill level 14 in Polearms
  5430 | D:7      | Reached skill level 5 in Dodging
  5666 | D:8      | Noticed a two-headed ogre
  5845 | D:9      | Noticed a hornet
  5852 | D:9      | Paralysed by a hornet for 3 turns
  5858 | D:9      | Slain by a hornet

Skill      XL: |  1  2  3  4  5  6  7  8 |
---------------+-------------------------+-----
Polearms       | 5 6 7 8 9 10 12 14 | 14.0
Fighting       | 4 |  4.0
Dodging        | 5 |  5.7
Throwing       | |  2.0

Action                   |  1- 3 |  4- 6 |  7- 9 || total
-------------------------+-------+-------+-------++-------
Melee: Trident           |    77 |   228 |   233 ||   538
  Use: Scroll            |     4 |     4 |     5 ||    13
       Potion            |     2 |     2 |     5 ||     9
 Stab: Sleeping          |     7 |     3 |     4 ||    14
  Eat: Chunk             |       |     4 |     5 ||     9
       Ration            |       |     1 |     1 ||     2
Armor: Leather armour    |    10 |    25 |    37 ||    72
Dodge: Dodged            |    25 |   109 |    93 ||   227
